[Event "*** Titled Tuesday 3|2 Blitz (Early)"]
[Site "Chess.com"]
[Date "2017.01.03"]
[Round "8"]
[White "mwpchess"]
[Black "GrigorGrigorov"]
[Result "1/2-1/2"]
[WhiteElo "2449"]
[BlackElo "2503"]
[TimeControl "180+2"]
[EndTime "12:45:55 PST"]
[Termination "Game drawn by repetition"]

1. c4 g6 2. g3 Bg7 3. Bg2 c5 4.
Nc3 Nc6 5. a3 a6 6. e3 e6 7.
Nge2 Nge7 8. d4 cxd4 9. Nxd4 d5 10. cxd5 exd5 11. O-O O-O 12. Nce2 Bg4 13. h3 Bd7 14. Kh2 Qb6 15. Rb1 Rfd8 16. b4 Ne5 17. Nf4 Be8 18.
a4 Rac8 19. a5 Qd6 20. Nd3 Nxd3 21. Qxd3 Rc4 22. Bb2 Rdc8 23. Ba1 h5 24. b5 h4 25.
bxa6 hxg3+ 26. fxg3 Qxa6 27. Rb6 Qxa5 28. Rxb7 R4c7 29. Rxc7 Qxc7 30. Bb2 Be5 31. Rf3 Qb8 32. Qd2 Bd7 33. Ba3 Nf5 34. Nxf5 Bxf5 35. Qxd5 Rc2 36.
e4 Be6 37. Qd3 Qb1 38. Qd8+ Kh7 39. Qh4+ Kg7 40. Be7 Qd1 41. Bf6+ Bxf6 42. Qxf6+ Kg8 43. Rf2 Rc1 44. g4 Qg1+ 45. Kg3 Qe1 46. Qd8+ Kg7 47. Qf6+ Kh7 48. Qh4+ Kg8 49. Qd8+ Kg7 50. Qf6+ Kh7 51. Qh4+ Kg8 52. Qd8+ Kg7 53. Qf6+ Kh7 54. Qh4+ Kg8 55. Qd8+ Kg7 56. Qf6+ Kh7 1/2-1/2

[Event "*** Titled Tuesday 3|2 Blitz (Early)"]
[Site "Chess.com"]
[Date "2017.01.03"]
[Round "8"]
[White "alturas_pacificas"]
[Black "saraswathii"]
[Result "0-1"]
[WhiteElo "2013"]
[BlackElo "1660"]
[TimeControl "180+2"]
[EndTime "12:45:58 PST"]
[Termination "saraswathii won by resignation"]

1. d4 Nc6 2. d5 Ne5 3. Bf4 Ng6 4. Bg3 Nf6 5. h4 h5 6. Nc3 e6 7. e4 Bb4 8. Qd4 Bxc3+ 9. bxc3 exd5 10. exd5 d6 11.
Bb5+ Bd7 12. Bd3 Qe7+ 13. Ne2 Ne5 14. O-O Nxd3 15. cxd3 O-O 16. Nf4 Rfe8 17. Rab1 b6 18. c4 Bf5 19. Qa1 Qd7 20. a4 a5 21. Rfe1 Rxe1+ 22. Rxe1 Re8 23. Rxe8+ Qxe8 24. Qd1 Bg4 25. f3 Qe3+ 26. Kh2 Bd7 27. d4 Qe8 28. c5 Bxa4 29. Qc1 dxc5 30. dxc5 Qd7 31. d6 bxc5 32. dxc7 Qxc7 33.
Nxh5 Qc6 34. Nxf6+ gxf6 35. h5 Kf8 36. h6 f5 37. Qg5 Qg6 38. Qf4 Be8 39. Qd6+ Kg8 40. Qxg6+ fxg6 41. Bd6 c4 42. Ba3 g5 43. Kg3 Kh7 44.
Kf2 Kxh6 45. Ke3 Kg6 46. Kd4 Bf7 47. Kc3 Kh5 48. Bc5 Kh4 49. Be7 a4 50. Kb4 Kg3 51.
Bxg5 Kxg2 52. f4 Kf3 53. Kxa4 c3 54. Ka3 Ke3 55. Bh6 c2 56. Kb2 Kd2 0-1

[Event "*** Titled Tuesday 3|2 Blitz (Early)"]
[Site "Chess.com"]
[Date "2017.01.03"]
[Round "8"]
[White "Hamisandwich"]
[Black "Fibrinogen"]
[Result "1-0"]
[WhiteElo "2380"]
[BlackElo "2278"]
[TimeControl "180+2"]
[EndTime "12:45:59 PST"]
[Termination "Hamisandwich won by resignation"]

1. a3 Nf6 2. b4 a5 3. b5 b6 4. Bb2 Bb7 5. e3 g6 6. Nf3 Bg7 7. Be2 O-O 8. O-O d6 9. d4 Nbd7 10. a4 Ne4 11. Ne1 f5 12. f3 Nef6 13.
Nd3 e5 14. dxe5 Nd5 15. e6 Bxb2 16. Nxb2 Ne5 17. Qd4 Qe7 18. f4 Ng4 19. Bxg4 fxg4 20. Nd3 Qxe6 21. e4 Nf6 22. e5 dxe5 23. Qxe5 Qxe5 24.
fxe5 Ne4 25. Na3 g3 26. hxg3 Nxg3 27. Rfe1 Rae8 28. Nc4 h5 29. Rad1 h4 30. Ne3 Kg7 31.
c4 g5 32. Nd5 g4 33. e6 Bxd5 34. cxd5 Rf5 35. Ne5 Rf4 36. Rc1 Re7 37. Nc6 Re8 38. Ne5 Re7 39. Rc4 Rxc4 40. Nxc4 Kf6 41. Ne5 Kf5 42.
Nd7 Ne4 43. Rf1+ Kg5 44. Ne5 Nd6 45. Nf7+ Kh5 46. Nxd6 cxd6 47. Rf7 Re8 48. Rd7 Rc8 49. Kf2 g3+ 50. Kf3 Rc3+ 51. Kf4 Rc4+ 52. Kf5 Rc2 53. e7 Re2 54. Rd8 Rf2+ 55. Ke6 Re2+ 56. Kxd6 h3 57.
gxh3 g2 58. e8=Q+ Rxe8 59. Rxe8 g1=Q 60. Rh8+ 1-0

[Event "*** Titled Tuesday 3|2 Blitz (Early)"]
[Site "Chess.com"]
[Date "2017.01.03"]
[Round "8"]
[White "QuintilianoR"]
[Black "AdrianaNikolova"]
[Result "1-0"]
[WhiteElo "2524"]
[BlackElo "2257"]
[TimeControl "180+2"]
[EndTime "12:46:04 PST"]
[Termination "QuintilianoR won by checkmate"]

1. d4 Nf6 2. Nf3 e6 3. Bf4 c5 4. e3 cxd4 5. exd4 d5 6. Bd3 Qb6 7. Qc1 Bd6 8. Bxd6 Qxd6 9. O-O Nc6 10. c3 Ne4 11. Re1 f5 12. Nbd2 O-O 13. Nb3 b6 14. a4 a5 15. Bb5 Ba6 16. Bxc6 Qxc6 17.
Ne5 Qc7 18. f3 Nd6 19. Nd2 Rf6 20. Qc2 Re8 21. Re3 Rh6 22. Nd3 Qf7 23. Ne5 Qh5 24. h3 Qh4 25. Nf1 f4 26. Ree1 Rf6 27. Qf2 Qh5 28.
Ng4 Rff8 29. Re5 Qg6 30. Rae1 Bd3 31. b3 Bc2 32. Nd2 Nf7 33. R5e2 Nd6 34. Ne5 Qf5 35. Rc1 Rf6 36. c4 dxc4 37. bxc4 Bxa4 38. c5 bxc5 39. dxc5 Nb5 40. Ne4 Qxe5 41. Nd6 Qxe2 42. Qxe2 Nxd6 43. cxd6 e5 44. Qc4+ Kf8 45. Qxa4 Rxd6 46.
Qxa5 Rg6 47. Re1 Rg5 48. Rc1 Re7 49. Rc8+ Kf7 50. Qd5+ Kg6 51. Rc6+ Kh5 52. Qg8 h6 53. Re6 Rxe6 54. Qxe6 Kh4 55. Kh2 Kh5 56. Qf7+ g6 57.
Qd7 Kh4 58. Qe6 Kh5 59. h4 Rf5 60. Kh3 Rf8 61. Qg4# 1-0

[Event "*** Titled Tuesday 3|2 Blitz (Early)"]
[Site "Chess.com"]
[Date "2017.01.03"]
[Round "8"]
[White "Marreuh"]
[Black "Morshynska"]
[Result "0-1"]
[WhiteElo "2082"]
[BlackElo "2112"]
[TimeControl "180+2"]
[EndTime "12:46:05 PST"]
[Termination "Morshynska won by resignation"]

1. e4 e5 2. Nf3 Nc6 3. Nc3 Nf6 4.
d4 Bb4 5. Nxe5 O-O 6. Nxc6 dxc6 7. e5 Nd5 8. Bd2 f6 9. Nxd5 Bxd2+ 10. Qxd2 cxd5 11. O-O-O fxe5 12. dxe5 c6 13. Bd3 Bf5 14. Bxf5 Rxf5 15. f4 Qh4 16. g3 Qh3 17. Rhe1 Re8 18. Qb4 Qxh2 19. Qxb7 Qxg3 20. Qxc6 Qxf4+ 21. Kb1 Rfxe5 22. Qxe8+ Rxe8 23. Rxe8+ Kf7 24. Rd8 h5 25. R8xd5 h4 26.
a3 g5 27. Rd7+ Ke6 28. Rxa7 h3 29. Rh7 g4 30. Re1+ Kf6 31. Rh8 Kg7 32. Rh4 Qg3 33.
Re7+ Kf6 34. Rhh7 h2 35. Ref7+ Ke6 36. Re7+ Kd5 37. Rd7+ Ke4 38. Rde7+ Kf3 39. Rhf7+ Kg2 40. Re2+ Kg1 41. Rh7 h1=Q 42. Rxh1+ Kxh1 43. a4 Qf3 44. Rd2 g3 45. a5 g2 46. Rxg2 Kxg2 47. b4 Qb7 48. c3 Kf3 49. Kc2 Ke4 50. Kb3 Kd5 51. Ka4 Kc4 52. Ka3 Qb5 53. Kb2 Qa4 0-1

[Event "*** Titled Tuesday 3|2 Blitz (Early)"]
[Site "Chess.com"]
[Date "2017.01.03"]
[Round "8"]
[White "E-Shaposhnikov"]
[Black "iturrizaga"]
[Result "1/2-1/2"]
[WhiteElo "2729"]
[BlackElo "2665"]
[TimeControl "180+2"]
[EndTime "12:46:06 PST"]
[Termination "Game drawn by agreement"]

1. e4 c5 2. Nf3 g6 3. d4 cxd4 4.
Qxd4 Nf6 5. Nc3 Nc6 6. Qa4 d6 7.
e5 dxe5 8. Nxe5 Bg7 9. Nxc6 bxc6 10. Be2 O-O 11. O-O Qc7 12. Bf4 e5 13. Bg3 Nd5 14. Bf3 Be6 15. Rad1 Rab8 16. Nxd5 cxd5 17. Bxd5 Bxd5 18.
Rxd5 Rxb2 19. c4 f5 20. Rd7 Rb4 21. Rxg7+ Qxg7 22. Qxb4 f4 23. c5 g5 24. Qc4+ Qf7 25.
Rc1 Qxc4 26. Rxc4 Rc8 27. c6 Kf7 28. Bxf4 gxf4 29. Kf1 Ke6 30. Ke2 Kd5 31. Kd3 Rxc6 32. Rxc6 Kxc6 33. Ke4 Kd6 34. g4 fxg3 35. fxg3 h5 36.
a4 a5 37. h3 Ke6 38. Ke3 Kf6 39. Kf3 Kf5 40. Ke3 Kf6 41. Kd3 Kf5 42. Ke3 e4 43. Ke2 Ke5 44. Kd2 Kd4 45. Ke2 Ke5 46. Kf2 Kf6 47. Ke3 Kf5 48. g4+ hxg4 49. hxg4+ Kxg4 50. Kxe4 Kg5 51. Ke5 Kg6 52. Ke6 Kg7 53. Ke7 Kg6 54.
Kd6 Kf6 55. Kc6 Ke6 56. Kb6 Kd6 57. Kxa5 Kc7 1/2-1/2

[Event "*** Titled Tuesday 3|2 Blitz (Early)"]
[Site "Chess.com"]
[Date "2017.01.03"]
[Round "8"]
[White "poummba"]
[Black "Vrolijk"]
[Result "0-1"]
[WhiteElo "2419"]
[BlackElo "2294"]
[TimeControl "180+2"]
[EndTime "12:46:09 PST"]
[Termination "Vrolijk won on time"]

1. e4 e6 2. d4 d5 3. Nc3 Nf6 4. Bg5 dxe4 5. Nxe4 Be7 6. Bxf6 gxf6 7. Nf3 f5 8. Nc3 a6 9. Qe2 b5 10. O-O-O b4 11. Na4 Qd5 12. Qc4 Qxc4 13. Bxc4 Bd7 14.
Bb3 Bd6 15. Ne5 Nc6 16. Nxd7 Kxd7 17. d5 Na5 18. dxe6+ fxe6 19. Nc5+ Ke7 20. Rhe1 Nxb3+ 21. Nxb3 Kf7 22. g4 fxg4 23. Re4 h5 24. f3 gxf3 25. Rf1 Rag8 26. Rxf3+ Ke7 27. Nd4 Rg1+ 28. Kd2 e5 29. Nc6+ Ke6 30. Rfe3 Rg2+ 31. Kd3 Rg5 32. h4 Rg4 33. Nd4+ Kd5 34. Nf5 Rf8 35. Rxg4 hxg4 36. Nh6 g3 37. Re4 Rf4 38. Rxf4 exf4 39. Ke2 Bc5 40. Kf3 Ke5 41. Nf7+ Kf5 42. Nd8 Bd6 43. Nc6 Kg6 44. Nd4 c5 45. Ne2 Kh5 46. c3 bxc3 47.
Nxc3 Kxh4 48. Ne4 Be5 49. Nxc5 Kh3 50. Nd3 g2 51. Nf2+ Kh2 52. Ng4+ Kh3 53. Nf2+ Kh2 54. Ng4+ Kg1 55. Nxe5 Kf1 56. Nc4 g1=Q 57. Nd2+ Ke1 0-1

[Event "*** Titled Tuesday 3|2 Blitz (Early)"]
[Site "Chess.com"]
[Date "2017.01.03"]
[Round "8"]
[White "VMikhalevski"]
[Black "BjarkeSahl"]
[Result "0-1"]
[WhiteElo "2441"]
[BlackElo "2264"]
[TimeControl "180+2"]
[EndTime "12:46:14 PST"]
[Termination "BjarkeSahl won by resignation"]

1. g3 f5 2. Nf3 Nf6 3. c4 g6 4. b3 Bg7 5. Bb2 O-O 6. d4 d6 7. Bg2 h6 8. O-O Qe8 9. Nbd2 g5 10. Re1 Qg6 11. e4 fxe4 12. Nxe4 Nxe4 13. Ne5 dxe5 14. Bxe4 Qf7 15. Qc2 Bf5 16. dxe5 Bxe4 17.
Rxe4 e6 18. h4 Nc6 19. hxg5 Nb4 20. Qe2 Rad8 21. gxh6 Bxh6 22. Rg4+ Kh7 23. Bc3 Nd3 24. Rf1 Qf3 25. Qxf3 Rxf3 26. Kg2 Rdf8 27. Bd4 c5 28.
Bxc5 Nxc5 29. Rh4 Kg6 30. Rg4+ Bg5 31. Rd4 Nd3 32. Rd7 Rxf2+ 33. Rxf2 Rxf2+ 34. Kh3 Rf7 35. Rd6 Kf5 36. Rxd3 Kxe5 37. Kg4 Bh6 38. c5 Bf8 39. b4 a5 40. a3 axb4 41. axb4 Rc7 42. Rd8 Be7 43. Rb8 Kd5 44. Kf3 Kc4 45. Ke4 Bf6 46. g4 Bc3 47. g5 Bxb4 48. Ke5 Bc3+ 49. Kxe6 Kxc5 50. g6 b5 51. Kf5 b4 52. Ke4 Kc4 53.
Kf5 b3 54. Ke6 b2 55. Rb6 Kd3 56. Kf5 Kc2 0-1

[Event "*** Titled Tuesday 3|2 Blitz (Early)"]
[Site "Chess.com"]
[Date "2017.01.03"]
[Round "8"]
[White "rst2003"]
[Black "ChristopherYoo"]
[Result "1-0"]
[WhiteElo "2134"]
[BlackElo "2052"]
[TimeControl "180+2"]
[EndTime "12:46:18 PST"]
[Termination "rst2003 won by resignation"]

1. e4 e5 2. Nf3 Nc6 3. Bc4 Bc5 4.
c3 Nf6 5. d3 d6 6. Bb3 a6 7. h3 O-O 8. Bg5 h6 9. Bh4 Ba7 10. Nbd2 Be6 11. Bc2 d5 12. Qe2 Re8 13. g4 g5 14. Bg3 Nd7 15. exd5 Bxd5 16. h4 Kg7 17. hxg5 hxg5 18. Ne4 f6 19. O-O-O Rh8 20.
Kb1 Qe8 21. Rde1 Qg6 22. d4 Qf7 23. dxe5 Ncxe5 24. Nxe5 Nxe5 25. Nxg5 Bxa2+ 26. Ka1 Qc4 27. Bxe5 Qxe2 28. Rxe2 Rxh1+ 29. Kxa2 fxe5 30. Ne6+ Kf6 31. Nxc7 Rd8 32. Be4 Rdd1 33. Bxh1 Rxh1 34. Ne8+ Kg5 35. Rxe5+ Kxg4 36. Re7 Bxf2 37. Rxb7 Re1 38. Nf6+ Kf5 39. Nd5 Ke4 40. Nb4 a5 41. Nc6 Kd5 42. Nxa5 Re6 43. Rd7+ Kc5 44. Nb3+ Kb6 45. Rd2 Bg3 46. Nd4 Rf6 47.
b4 Be5 48. Kb3 Rd6 49. Nf3 Re6 50. Re2 Rf6 51. Nxe5 Kc7 52. Nc4 Rf4 53. b5 Rf5 54. Kb4 Rf1 55. Kc5 Rf5+ 56. Re5 Rf3 57. b6+ Kb7 58. Re3 Rf5+ 59. Ne5 Rf6 60. Nc4 Rc6+ 61. Kb5 Rf6 62. Re7+ Kb8 63. Ne5 Rf5 64. Ka6 1-0

[Event "*** Titled Tuesday 3|2 Blitz (Early)"]
[Site "Chess.com"]
[Date "2017.01.03"]
[Round "8"]
[White "macko06"]
[Black "eldur16"]
[Result "0-1"]
[WhiteElo "2277"]
[BlackElo "2119"]
[TimeControl "180+2"]
[EndTime "12:46:22 PST"]
[Termination "eldur16 won by resignation"]

1. d4 Nf6 2. Nf3 g6 3. Bg5 Bg7 4. Nbd2 O-O 5. e3 d6 6. Bd3 c5 7. c3 b6 8. Qe2 Bb7 9. O-O Nc6 10.
h3 Qc7 11. Ba6 e5 12. dxe5 Nxe5 13. Nxe5 dxe5 14. Bxb7 Qxb7 15. Bxf6 Bxf6 16. e4 Rad8 17. Rfd1 h5 18. Nf1 Bg5 19. a4 Kg7 20. Qc4 Qc6 21.
Rd5 Rxd5 22. exd5 Qd6 23. Rd1 f5 24. Qe2 e4 25. Ne3 Re8 26. Nc4 Qd7 27. b3 f4 28.
Nb2 f3 29. Qf1 e3 30. fxe3 Rxe3 31. Nc4 Rxc3 32. Ne5 Be3+ 33. Kh1 fxg2+ 34. Qxg2 Qd6 35. Nc4 Qd7 36. Ne5 Qf5 37. Nf3 Bf4 38. d6 Rd3 39. Rxd3 Qxd3 40. Nh4 Qd1+ 41. Qg1 Qxg1+ 42. Kxg1 Bxd6 43.
Nf3 Kf6 44. Kf2 g5 45. Nd2 Kf5 46. Nc4 Bc7 47. Na3 Ke4 48. Nb5 Bb8 49. Ke2 h4 50. Nc3+ Kf4 51. Kf2 g4 52. hxg4 Kxg4 53. Nd5 Bd6 54.
Nc3 h3 55. Nb5 Bb8 56. Nc3 Kf4 57. Nd5+ Ke5 58. Ne7 Kd6 59. Nf5+ Ke6 60. Ne3 Ke5 61. Kf3 Kd4 62. Nf5+ Kc3 63. Ne7 Kxb3 64. Nc6 Bc7 65.
Nxa7 Kxa4 0-1

[Event "*** Titled Tuesday 3|2 Blitz (Early)"]
[Site "Chess.com"]
[Date "2017.01.03"]
[Round "8"]
[White "bivark"]
[Black "ajkom197"]
[Result "1/2-1/2"]
[WhiteElo "2380"]
[BlackElo "2328"]
[TimeControl "180+2"]
[EndTime "12:46:27 PST"]
[Termination "Game drawn by agreement"]

1. e4 c6 2. c4 d5 3. exd5 cxd5 4.
cxd5 Nf6 5. Nc3 Nxd5 6. Bc4 e6 7. d4 Nc6 8. Nf3 Be7 9. O-O O-O 10. Re1 a6 11. a3 b5 12. Ba2 Bb7 13. Nxd5 exd5 14.
Qd3 Bf6 15. Bf4 Qd7 16. Ne5 Bxe5 17. dxe5 Nd8 18. Rad1 Ne6 19. Bb1 g6 20. Bh6 Rfe8 21.
Ba2 Rac8 22. h4 d4 23. Bxe6 Qxe6 24. Qxd4 Rc4 25. Qd7 Bc8 26. Qxe6 Bxe6 27. Bg5 Kg7 28. Rd6 Rc2 29. b4 Rec8 30. Rxa6 R2c6 31. Rxc6 Rxc6 32.
Re3 h6 33. Bf6+ Kh7 34. Rd3 Rc4 35. Rd8 Rc8 36. Rxc8 Bxc8 37. f3 Bf5 38. Kf2 Bc2 39. Ke3 h5 40. g3 Bd1 41. f4 Ba4 42. Kd4 Kg8 43. Kd5 Kf8 44. Kd6 Bd1 45. e6 fxe6 46. Kxe6 Bb3+ 47. Kd6 Kf7 48. Bd4 Bc2 49. Kc5 Ba4 50. Kc6 Ke6 51. Bc5 Kf7 52. Kd6 Bb3 53. Ke5 Bc2 54. a4 Bxa4 55. f5 gxf5 56. Kxf5 Bd1 57. Kg5 Bg4 58. Bd6 1/2-1/2

[Event "*** Titled Tuesday 3|2 Blitz (Early)"]
[Site "Chess.com"]
[Date "2017.01.03"]
[Round "8"]
[White "stefanodinn"]
[Black "Jahonas"]
[Result "1/2-1/2"]
[WhiteElo "2197"]
[BlackElo "2120"]
[TimeControl "180+2"]
[EndTime "12:46:38 PST"]
[Termination "Game drawn - insufficient material"]

1. e4 c5 2. Nf3 d6 3. d4 cxd4 4.
Nxd4 Nf6 5. f3 a6 6. c4 e6 7. Nc3 Bd7 8. Be2 Nc6 9. Be3 Nxd4 10. Bxd4 Be7 11. O-O O-O 12. Qd2 Ne8 13. Rfd1 Bf6 14.
e5 dxe5 15. Bc5 Bc6 16. Bxf8 Kxf8 17. Qxd8 Bxd8 18. b4 b6 19. Kf1 f5 20. a3 Bf6 21.
Rac1 e4 22. fxe4 Bxe4 23. Nxe4 fxe4 24. Rc2 a5 25. c5 axb4 26. axb4 bxc5 27. bxc5 Rc8 28.
c6 Nc7 29. Rd7 Nd5 30. Ke1 Nb4 31. Rc4 Rxc6 32. Rxc6 Nxc6 33. Bc4 Ne5 34. Rc7 Nxc4 35. Rxc4 e3 36. Ke2 Bg5 37. h4 Bf6 38. Kxe3 Kf7 39. g3 h5 40. Rc5 g6 41. Ke4 Be7 42. Rb5 Kf6 43. Kf3 Bd6 44. Rb6 Bc5 45. Rc6 Bd4 46.
Rc4 Be5 47. Re4 Bd6 48. Rd4 Be5 49. Rd7 Bb8 50. Rd8 Be5 51. Rf8+ Ke7 52. Rg8 Kf7 53.
Ra8 Bd6 54. g4 hxg4+ 55. Kxg4 Kf6 56. Ra6 Be7 57. Rc6 Bf8 58. Rc1 Bd6 59. Rf1+ Kg7 60. Rf3 Be7 61. Rf2 Bf6 62. Rc2 Be7 63. Rc7 Kf7 64. Kg3 Kf6 65. Kg4 Kf7 66. Rc6 Kf6 67. Rc4 Bd6 68. Re4 Be5 69. Re1 Bd6 70. Rf1+ Kg7 71. Kg5 Be7+ 72. Kg4 Bf6 73. Re1 Kf7 74. Rb1 Be7 75. Kg3 Bf6 76. Rb7+ Be7 77. Kg4 Kf6 78. h5 gxh5+ 79. Kxh5 Bd6 80. Kg4 Bc5 81. Kf3 Bd4 82.
Ke4 e5 83. Rc7 Ke6 84. Rc6+ Kd7 85. Kd5 Ke7 86. Re6+ Kd7 87. Rg6 Ke7 88. Rh6 Kf7 89. Ke4 Ke7 90. Kf5 Kd7 91. Re6 Kc7 92. Rxe5 Bxe5 1/2-1/2

[Event "*** Titled Tuesday 3|2 Blitz (Early)"]
[Site "Chess.com"]
[Date "2017.01.03"]
[Round "8"]
[White "Aygehovit1992"]
[Black "Iball95"]
[Result "1-0"]
[WhiteElo "2474"]
[BlackElo "2464"]
[TimeControl "180+2"]
[EndTime "12:47:13 PST"]
[Termination "Aygehovit1992 won by resignation"]

1. e4 c5 2. Nf3 Nc6 3. Bb5 g6 4.
Bxc6 dxc6 5. d3 Bg7 6. h3 Nf6 7. Nc3 e5 8. Be3 b6 9. Qd2 O-O 10. Bh6 Qd6 11. Bxg7 Kxg7 12. O-O-O a5 13. g4 a4 14. Ne2 Be6 15. Ng3 Bxa2 16. Qg5 Kh8 17. Qxe5 Qxe5 18. Nxe5 Rac8 19. f4 Rfe8 20. g5 Ng8 21. h4 h5 22. gxh6 Nxh6 23. h5 g5 24. fxg5 Rxe5 25. gxh6 Be6 26. Rdf1 Rg8 27. Ne2 c4 28.
Nc3 cxd3 29. cxd3 Rg2 30. d4 Ra5 31. Rhg1 Rh2 32. d5 cxd5 33. exd5 a3 34. bxa3 Bxd5 35. Nxd5 Rxd5 36. Rxf7 Rc5+ 37. Kb1 Rb5+ 38. Ka1 Rbb2 39. h7 Ra2+ 40. Kb1 Rhb2+ 41. Kc1 Rg2 42. Rxg2 Rxg2 43. Rb7 Ra2 44. Ra7 b5 45. Kb1 Rh2 46.
Rb7 Rxh5 47. Kb2 Re5 48. Kb3 Rh5 49. Kb4 Rh4+ 50. Kb3 Rh5 51. Rb8+ Kxh7 52. Kb4 Kg7 53. Rxb5 Rh1 54. Rf5 Rb1+ 55. Ka5 Kg6 56. Rf8 Kg7 57. Rf4 Re1 58. a4 Re5+ 59. Kb6 Re6+ 60. Kb5 Re5+ 61.
Kb4 Re1 62. a5 Rb1+ 63. Kc5 Rc1+ 64. Kb5 Rb1+ 65. Rb4 Ra1 66. a6 Kf7 67. Ra4 Rb1+ 68. Ka5 Rb8 69. a7 Rh8 70. Rb4 Ke6 71. Rb8 Rh5+ 72.
Ka6 Rh1 73. a8=Q 1-0

[Event "*** Titled Tuesday 3|2 Blitz (Early)"]
[Site "Chess.com"]
[Date "2017.01.03"]
[Round "8"]
[White "Gordima"]
[Black "aspired"]
[Result "0-1"]
[WhiteElo "2466"]
[BlackElo "2424"]
[TimeControl "180+2"]
[EndTime "12:47:36 PST"]
[Termination "aspired won on time"]

1. e4 e5 2. Nf3 Nc6 3. Nc3 Nf6 4. d4 exd4 5. Nxd4 Bb4 6. Nxc6 bxc6 7. Bd3 O-O 8. O-O Re8 9. Qf3 d6 10. h3 Bxc3 11.
bxc3 Nd7 12. Qg3 Nc5 13. Re1 Qf6 14. Bg5 Qxc3 15. e5 Nxd3 16. Bf6 g6 17. cxd3 dxe5 18.
Qg5 Re6 19. Rac1 Qb4 20. Bxe5 Qe7 21. Qxe7 Rxe7 22. Rxc6 Bf5 23. d4 Rc8 24. Rec1 Be4 25. Rxc7 Rexc7 26. Bxc7 f6 27. f3 Bd5 28. Rc5 Bxa2 29.
Kf2 Kf7 30. Ke3 Ke6 31. Ra5 Rxc7 32. Rxa2 h5 33. g4 hxg4 34. hxg4 Re7 35. Kd3 f5 36.
Ra6+ Kd5 37. Rxg6 fxg4 38. Rg5+ Kd6 39. fxg4 Rh7 40. Kc4 Rc7+ 41. Rc5 Rf7 42. Rd5+ Kc6 43. Rf5 Rg7 44. g5 Kd7 45. Kc5 Rg6 46. d5 Ra6 47.
Rf7+ Ke8 48. Rf6 Ra1 49. g6 Rg1 50. d6 Kd7 51. Rf7+ Ke6 52. Re7+ Kf6 53. Rxa7 Rc1+ 54. Kd5 Rd1+ 55. Kc6 Rc1+ 56. Kd7 Kxg6 57. Ra2 Kf6 58. Re2 Ra1 59. Kc8 Rc1+ 60. Kd8 Kf7 61. d7 Kf8 62.
Rf2+ Kg7 63. Rf4 Kg6 64. Ke7 Re1+ 65. Kd6 Rd1+ 66. Ke6 Rxd7 0-1

[Event "*** Titled Tuesday 3|2 Blitz (Early)"]
[Site "Chess.com"]
[Date "2017.01.03"]
[Round "8"]
[White "PelinGorki"]
[Black "Ilja_Semjonovs"]
[Result "1/2-1/2"]
[WhiteElo "2396"]
[BlackElo "2178"]
[TimeControl "180+2"]
[EndTime "12:48:07 PST"]
[Termination "Game drawn - insufficient material"]

1. e4 c5 2. Nf3 d6 3. d4 cxd4 4.
Nxd4 Nf6 5. Nc3 a6 6. Bg5 e6 7. f4 Qb6 8. Qd3 Qxb2 9. Rb1 Qa3 10. f5 Be7 11. Be2 Qa5 12. O-O O-O 13. g4 Nbd7 14. Bd2 Ne5 15. Nd5 Qxd5 16. exd5 Nxd3 17.
Bxd3 e5 18. g5 Nxd5 19. f6 gxf6 20. gxf6 Bxf6 21. Nf5 Bxf5 22. Rxf5 Bg7 23. Rxb7 Rab8 24. Bxa6 Rxb7 25. Bxb7 Ne7 26. Rf1 Rb8 27. Rb1 Nc6 28. a4 Nd4 29. Kf2 Nxc2 30. a5 e4 31.
a6 Bd4+ 32. Ke2 Bc5 33. Ba5 Nd4+ 34. Kd2 Re8 35. Bb6 e3+ 36. Ke1 Bxb6 37. Rxb6 Nc2+ 38.
Ke2 Nd4+ 39. Ke1 Nc2+ 40. Ke2 Nd4+ 41. Kd3 e2 42. Rb1 Nb3 43. Re1 Kf8 44. Kc4 Nc5 45.
Bc6 Re7 46. Bb5 Ra7 47. Kd5 Nxa6 48. Kxd6 Nc7 49. Bxe2 Ne8+ 50. Ke5 Re7+ 51. Kf4 Nf6 52. Kf3 Nd5 53. Ra1 Nc3 54. Bd3 Kg7 55. Rg1+ Kh6 56. Rg4 Nd5 57. Rh4+ Kg7 58. Bxh7 Re3+ 59. Kf2 Rb3 60.
Be4 Nf6 61. Bf3 Rb2+ 62. Kg3 Rb3 63. Ra4 Kg6 64. h4 Nh5+ 65. Kf2 Rb2+ 66. Be2 Nf6 67. Ra6 Kg7 68. Ra5 Kg6 69. Rg5+ Kh6 70. Kf3 Rb4 71. Rf5 Kg6 72. Bd3 Rxh4 73. Rf4+ Kg5 74. Rxh4 Kxh4 75. Kf4 Nh5+ 76. Kf5 f6 77. Be2 Ng3+ 78. Kxf6 Nxe2 1/2-1/2

[Event "*** Titled Tuesday 3|2 Blitz (Early)"]
[Site "Chess.com"]
[Date "2017.01.03"]
[Round "8"]
[White "ABDELAZEEZ-M"]
[Black "Fablibi"]
[Result "0-1"]
[WhiteElo "2065"]
[BlackElo "2477"]
[TimeControl "180+2"]
[EndTime "12:48:09 PST"]
[Termination "Fablibi won on time"]

1. d4 d5 2. Bf4 Nc6 3. e3 f6 4. Nc3 e5 5. Bg3 Bb4 6. Bb5 e4 7. a3 Bxc3+ 8. bxc3 Ne7 9. c4 a6 10. Bxc6+ bxc6 11. c5 a5 12. Ne2 Ba6 13. O-O O-O 14. Re1 Nf5 15. Nf4 Qd7 16. Qg4 Rad8 17. Rab1 Bb5 18. a4 Bxa4 19. Ra1 Bxc2 20. Rxa5 Nxg3 21.
Qxg3 Rb8 22. Ra7 Rf7 23. Nh5 Kh8 24. h4 Bd3 25. Rea1 Bb5 26. Ra8 Rff8 27. Rxb8 Rxb8 28. Ra7 Rc8 29. Nf4 g6 30. Qh3 Qxh3 31. gxh3 Kg8 32.
Ne6 Be2 33. Nxc7 Rb8 34. Ra8 Rxa8 35. Nxa8 Kf7 36. Nb6 Ke6 37. Kh2 h5 38. Kg3 Bf1 39.
Nc8 Kd7 40. Nb6+ Kc7 41. Na8+ Kc8 42. Nb6+ Kd8 43. Na8 Be2 44. Nb6 Bd1 45. Na8 Be2 46. Nb6 Ba6 47. Na8 Bc8 48. Nb6 Be6 49. Na8 Kc8 50.
Nb6+ Kb7 51. Kg2 Ka6 52. Kg3 Kb5 53. Kg2 Kb4 54. Kg3 Kc3 55. Na4+ Kb3 56. Nb6 Kc2 57. Na8 Kd2 58. Nc7 Bd7 59. Na6 Ke2 60. Nb8 Be8 61.
Na6 g5 62. Nc7 Bd7 63. hxg5 fxg5 64. Na6 h4+ 65. Kg2 g4 66. hxg4 Bxg4 67. Nb8 h3+ 68. Kg1 h2+ 69. Kxh2 Kxf2 70. Nxc6 Kxe3 71. Kg3 Bd7 72. Ne5 Bc8 73. Nc6 Kd2 74. Nb4 e3 0-1

[Event "*** Titled Tuesday 3|2 Blitz (Early)"]
[Site "Chess.com"]
[Date "2017.01.03"]
[Round "8"]
[White "bugsbunny444"]
[Black "MFBerna"]
[Result "0-1"]
[WhiteElo "2332"]
[BlackElo "2199"]
[TimeControl "180+2"]
[EndTime "12:48:40 PST"]
[Termination "MFBerna won by resignation"]

1. Nf3 d5 2. c4 c6 3. g3 Nf6 4.
Bg2 g6 5. Qa4 Nbd7 6. cxd5 cxd5 7. O-O Bg7 8. d4 O-O 9. Na3 Ne4 10. Bf4 b6 11. Qc6 Ba6 12. Qxd5 Nef6 13. Qb3 Bxe2 14. Rfe1 Ba6 15. Ne5 e6 16. Nc6 Qe8 17. d5 Nc5 18. Qc2 Nd3 19. dxe6 Nxe1 20. Rxe1 fxe6 21. Bh3 Bc8 22. Bd6 Rf7 23. Ne5 Nd5 24. Nxf7 Qxf7 25. Qe4 Bxb2 26. Nc4 Bc3 27. Re2 Bd7 28. Ne5 Bxe5 29.
Qxe5 Re8 30. f4 Qf6 31. Bg2 Qxe5 32. Rxe5 Bc6 33. Bh3 Kf7 34. Re2 Bd7 35. Be5 Rc8 36. Kg2 Rc4 37. Kf2 Nb4 38. Bb8 a5 39. Rd2 Bc6 40. Bc7 Nd5 41. Be5 Nc3 42. Bxc3 Rxc3 43. Rd6 Rc2+ 44. Ke3 Bd5 45. a4 Rxh2 46. Bf1 Rb2 47.
Bb5 Rb3+ 48. Kf2 Rf3+ 49. Ke2 Rxg3 50. Rd7+ Kf6 51. Rxh7 Rg4 52. Ke3 Rg3+ 53. Kd4 Rf3 54. Rh4 Rb3 55. Rh8 Rb4+ 56. Ke3 Re4+ 57. Kd3 Rxf4 58.
Rb8 Rb4 59. Rxb6 Bc4+ 60. Kc3 Bb3 61. Ra6 Bxa4 62. Bc4 Bd7 63. Rxa5 Rb6 64. Rc5 Rd6 65. Bd3 g5 66. Kd2 e5 67. Ke3 Bf5 68. Be2 g4 69.
Kf2 Rd2 70. Ke3 Ra2 71. Rc7 Ra3+ 72. Kf2 Kg5 73. Rg7+ Kf4 74. Rf7 Ra2 75. Ke1 Ke3 76.
Bd1 Bd3 77. Bxg4 Ra1+ 78. Bd1 Bc2 79. Rf3+ Ke4 80. Re3+ Kxe3 81. Kf1 0-1

[Event "*** Titled Tuesday 3|2 Blitz (Early)"]
[Site "Chess.com"]
[Date "2017.01.03"]
[Round "9"]
[White "RamonManon0g"]
[Black "FrankieJay"]
[Result "1-0"]
[WhiteElo "2274"]
[BlackElo "2260"]
[TimeControl "180+2"]
[EndTime "12:51:17 PST"]
[Termination "RamonManon0g won by resignation"]

1. d4 Nf6 2. Bg5 Ne4 3. Bf4 c5 4. d5 Qb6 5. Nd2 Qxb2 6. Nxe4 Qb4+ 7. Qd2 Qxe4 8. Nf3 d6 9. e3 g6 10. Rb1 Bg7 11. Bd3 Qa4 12. Bb5+ 1-0

[Event "*** Titled Tuesday 3|2 Blitz (Early)"]
[Site "Chess.com"]
[Date "2017.01.03"]
[Round "9"]
[White "petrpalachev"]
[Black "Rating-Schmating"]
[Result "1-0"]
[WhiteElo "2413"]
[BlackElo "2278"]
[TimeControl "180+2"]
[EndTime "12:52:37 PST"]
[Termination "petrpalachev won by resignation"]

1. e4 e6 2. d3 d5 3. Nd2 Nf6 4.
Ngf3 Bc5 5. g3 dxe4 6. Ng5 exd3 7. Bxd3 h6 8. Nge4 Nxe4 9. Nxe4 Be7 10. Qg4 Bf6 11.
O-O e5 12. Nxf6+ gxf6 13. Qg7 Ke7 14. b3 c5 15. Be3 b6 16. Be4 Bh3 17. Bxa8 Bxf1 18.
Rxf1 Nd7 19. Bf3 h5 20. Rd1 h4 21. Bg4 Rg8 22. Rxd7+ Qxd7 23. Qxg8 Qd5 24. c4 Qd3 25. gxh4 Qb1+ 26. Kg2 Qe4+ 27. Bf3 Qxh4 28. Qg4 Qh7 29. Be4 Qh8 30. h4 Qc8 31. Qxc8 1-0

[Event "*** Titled Tuesday 3|2 Blitz (Early)"]
[Site "Chess.com"]
[Date "2017.01.03"]
[Round "9"]
[White "HK1974"]
[Black "VMikhalevski"]
[Result "0-1"]
[WhiteElo "2164"]
[BlackElo "2445"]
[TimeControl "180+2"]
[EndTime "12:53:11 PST"]
[Termination "VMikhalevski won on time"]

1. e4 e5 2. Nf3 Nc6 3. Bb5 a6 4. Ba4 Nf6 5. O-O Nxe4 6. d4 b5 7. Bb3 d5 8. dxe5 Be6 9. c3 Bc5 10. Nbd2 O-O 11. h3 Kh8 0-1